AoeStats
← Tavik

African Clearing

506525728Analyzed
2v2 RM · 18d ago on Sep 13, 2026· 57m 41s· 4 players
Game mode
Random Map
Map size
Medium (4 player)
Population
200
Speed
Normal
Resources
Standard
Victory
Conquest
Starting age
Dark Age
Ending age
Imperial Age
RankedLock teamsTeams togetherTeam positionsShared explorationLock speedFull tech treeHidden civsTurbo modeCheats
Victory
Defeat
🇨🇿 Wu · Czechia
1338
+17
🇨🇿 Cumans · Czechia
1334
+17
🇦🇷 Mongols · Argentina
1370
-17
🇦🇷 Vietnamese · Argentina
1359
-17
Melioth
4:50 Loom
12:38 Feudal Age
15:41 Double-Bit Axe
15:51 Horse Collar
22:46 Castle Age
21:30 Gold Mining
22:13 Forging
22:13 Scale Barding Armor
23:04 Bloodlines
24:04 Wheelbarrow
28:49 Chain Barding Armor
33:34 Iron Casting
33:20 Heavy Plow
34:56 Gold Shaft Mining
34:19 Stone Mining
37:17 Bow Saw
37:55 Hand Cart
40:50 Imperial Age
42:11 Plate Barding Armor
42:38 Blast Furnace
41:04 Cavalier
46:14 Conscription
47:14 Two-Man Saw
46:46 Crop Rotation
47:09 Paladin
48:59 Light Cavalry
49:53 Hussar
51:51 Fletching
52:01 Padded Archer Armor
52:08 Elite Skirmisher
52:53 Thumb Ring
53:19 Bodkin Arrow
53:47 Ballistics
54:27 Chemistry
55:08 Leather Archer Armor
Tavik
9:14 Loom
11:06 Loom
13:00 Feudal Age
11:21 Loom
13:07 Feudal Age
17:37 Castle Age
15:43 Fletching
16:04 Double-Bit Axe
18:33 Bodkin Arrow
19:13 Bow Saw
19:42 Horse Collar
22:22 Ballistics
23:21 Padded Archer Armor
32:58 Wheelbarrow
32:09 Town Watch
38:56 Imperial Age
37:54 Red Cliffs Tactics
39:55 Bracer
41:00 Chemistry
41:40 Sitting Tiger
42:00 Conscription
42:46 Leather Archer Armor
47:39 Two-Man Saw
47:03 Elite Fire Archer
48:00 Scale Barding Armor
48:06 Forging
48:46 Heavy Hei Guang Cavalry
49:26 Husbandry
49:37 Bloodlines
49:51 Chain Barding Armor
50:07 Iron Casting
51:27 Plate Barding Armor
55:22 Blast Furnace
54:24 Murder Holes
54:39 Masonry
El Gran Khan
5:44 Loom
12:37 Feudal Age
17:58 Castle Age
17:16 Double-Bit Axe
17:44 Stone Mining
17:40 Horse Collar
24:06 Fletching
25:35 Bow Saw
27:12 Padded Archer Armor
28:22 Bodkin Arrow
32:54 Leather Archer Armor
35:26 Heavy Plow
36:52 Wheelbarrow
40:57 Imperial Age
39:40 Town Watch
41:17 Thumb Ring
42:44 Chemistry
41:31 Elite Skirmisher
44:08 Crop Rotation
45:28 Ballistics
45:18 Gold Mining
47:00 Town Watch
48:23 Bracer
Acero08
3:49 Loom
12:57 Feudal Age
18:02 Castle Age
15:58 Double-Bit Axe
15:57 Horse Collar
17:08 Gold Mining
17:49 Stone Mining
19:50 Wheelbarrow
19:28 Bow Saw
20:19 Fletching
22:05 Bodkin Arrow
26:03 Padded Archer Armor
30:58 Bloodlines
30:49 Husbandry
32:28 Ballistics
33:02 Masonry
32:48 Murder Holes
32:46 Town Watch
33:53 Gold Shaft Mining
37:07 Imperial Age
35:38 Leather Archer Armor
37:54 Bracer
39:02 Chemistry
39:26 Conscription
39:55 Hoardings
39:34 Elite Mangudai
40:35 Light Cavalry
41:21 Scale Barding Armor
41:27 Forging
41:47 Hussar
44:02 Heavy Plow
50:37 Thumb Ring
50:58 Parthian Tactics
52:03 Siege Engineers
53:11 Chain Barding Armor
53:27 Iron Casting
Connection lost

Rejoining the realm…

Still unreachable

The connection could not be restored.

Session expired

The server has moved on; the page needs a fresh start.